 Dungeon Crawl Stone Soup version 0.30-b1-2-g02819fbbbe (webtiles) character file.

Game seed: 6724922519105057075

675735 suse60 the Conqueror (level 27, -1/273 HPs)
             Began as a Minotaur Gladiator on May 10, 2023.
             Was the Champion of the Shining One.
             Killed by a guardian mummy's death curse (13 damage)
             ... on level 9 of a ziggurat on June 5, 2023.
             The game lasted 08:45:30 (75087 turns).

suse60 the Conqueror (Minotaur Gladiator)          Turns: 75087, Time: 08:45:31

Health: -1/273     AC: 50    Str: 29    XL:     27
Magic:  27/33      EV: 33    Int:  5    God:    the Shining One [******]
Gold:   5744       SH:  5    Dex: 17    Spells: 26/26 levels left

rFire   + . .        R - +9 battleaxe (flame)
rCold   . . .        (shield currently unavailable)
rNeg    + + +        r - +15 Maxwell's patent armour {-Cast -Tele rElec Will+ rCorr}
rPois   .            g - +2 hat {Will+}
rElec   +            k - +2 cloak
rCorr   +            z - +1 pair of gloves "Ofrutod" {rF+ rCorr Stlth+}
SInv    .            H - +2 pair of boots
Will    +++++        B - amulet of reflection Stlth
                     O - ring "Sassirr" {rN+ Dex+3 Slay+3}
HPRegen 0.65/turn    T - ring of the Hare {EV+10}
MPRegen 0.23/turn

%: no teleportation, no spellcasting, reflection
@: flayed, glowing, studying 2 skills
A: horns 2, retaliatory headbutt, talons 1, clumsy 1, strong-willed 1
}: 5/15 runes: serpentine, barnacled, slimy, silver, abyssal
a: Renounce Religion, Divine Shield, Cleansing Flame, Summon Divine Warrior,
Brand Weapon With Holy Wrath


You were on level 9 of a ziggurat.
You worshipped the Shining One.
The Shining One was exalted by your worship.
You visited 14 branches of the dungeon, and saw 56 of its levels.
You visited the Abyss 2 times.
You visited 1 ziggurat, and saw 9 of its levels.
You also visited: Bailey and Ice Cave.

You collected 8889 gold pieces.
You spent 3145 gold pieces at shops.

Inventory:

Hand Weapons
 s - a +9 morningstar of holy wrath
 R - a +9 battleaxe of flaming (weapon)
Missiles
 w - 5 silver javelins (quivered)
Armour
 g - a +2 hat of willpower (worn)
 k - a +2 cloak (worn)
 r - the +15 Maxwell's patent armour (worn) {-Cast -Tele rElec Will+ rCorr}
   (You found it on level 2 of the Crypt)

   rElec:     It insulates you from electricity.
   -Cast:     It prevents spellcasting.
   -Tele:     It prevents most forms of teleportation.
   rCorr:     It protects you from acid and corrosion.
   Will:      It increases your willpower.
 z - the +1 pair of gloves "Ofrutod" (worn) {rF+ rCorr Stlth+}
   (You found it on level 3 of the Lair of Beasts)

   rF:        It protects you from fire.
   rCorr:     It protects you from acid and corrosion.
   Stlth:     It makes you more stealthy.
 H - a +2 pair of boots (worn)
Jewellery
 a - the ring of Otawaffe {+Blink rElec Will+ Dex+6}
   (You took it off a spriggan air mage on level 3 of the Depths)

   [ring of dexterity]

   Dex:       It affects your dexterity (+6).
   rElec:     It insulates you from electricity.
   +Blink:    It lets you blink.
   Will:      It increases your willpower.
 o - a ring of protection from cold
 t - a ring of poison resistance
 B - an amulet of reflection (around neck)
 C - an amulet of the acrobat
 E - a +6 ring of strength
 I - an amulet of regeneration
 J - the ring "Esusk" {Fly rElec rN+}
   (You bought it in a shop on level 2 of the Orcish Mines)

   [ring of flight]

   rElec:     It insulates you from electricity.
   rN:        It protects you from negative energy.
   Fly:       It grants you flight.
 L - a +5 ring of evasion
 O - the ring "Sassirr" (left hand) {rN+ Dex+3 Slay+3}
   (You found it on level 3 of the Crypt)

   [ring of positive energy]

   Dex:       It affects your dexterity (+3).
   Slay:      It affects your accuracy & damage with ranged weapons and melee
   (+3).
   rN:        It protects you from negative energy.
 T - the ring of the Hare (right hand) {EV+10}
   (You took it off a deep elf blademaster on level 3 of the Elven Halls)

   [ring of evasion]

   EV:        It affects your evasion (+10).
Wands
 c - a wand of digging (40)
 h - a wand of polymorph (8)
 q - a wand of roots (56)
 F - a wand of mindburst (29)
 K - a wand of acid (11)
Scrolls
 b - 19 scrolls of teleportation
 d - 2 scrolls of enchant armour
 n - 5 scrolls of fog
 p - 10 scrolls of poison
 v - 3 scrolls of butterflies
 x - 9 scrolls of magic mapping
 y - 10 scrolls of fear
 A - 2 scrolls of brand weapon
 M - 5 scrolls of blinking
Potions
 e - 9 potions of haste
 i - 15 potions of might
 j - 29 potions of curing
 l - 10 potions of heal wounds
 m - 8 potions of cancellation
 u - 4 potions of brilliance
 D - a potion of resistance
 P - 3 potions of mutation
Miscellaneous
 G - a piece from Xom's chessboard (15/15)


   Skills:
 O Level 27 Fighting
 O Level 27 Axes
 + Level 18.1(24.5) Maces & Flails
 - Level 13.0 Throwing
 O Level 27 Armour
 O Level 27 Dodging
 - Level 15.2 Invocations


You had 26 spell levels left.
You didn't know any spells.
Your spell library contained the following spells:

 Spells                   Type           Power      Damage    Failure   Level
 Apportation              Tloc           0%         N/A       83%         1
 Beastly Appendage        Tmut           0%         N/A       83%         1
 Foxfire                  Conj/Fire      0%         2x1d4     83%         1
 Freeze                   Ice            0%         1d3       83%         1
 Magic Dart               Conj           0%         1d3       83%         1
 Necrotise                Necr           0%         1d4       83%         1
 Sandblast                Erth           0%         2d4       83%         1
 Shock                    Conj/Air       0%         1d3       83%         1
 Slow                     Hex            0%         N/A       83%         1
 Sting                    Tmut/Pois      0%         1d3       83%         1
 Summon Small Mammal      Summ           0%         N/A       83%         1
 Call Imp                 Summ           0%         N/A       92%         2
 Cigotuvi's Dreadful Rot  Necr/Pois/Air  0%         N/A       92%         2
 Lesser Beckoning         Tloc           0%         N/A       92%         2
 Passwall                 Tmut/Erth      0%         N/A       92%         2
 Poisonous Vapours        Pois/Air       0%         N/A       92%         2
 Searing Ray              Conj           0%         2d4       92%         2
 Static Discharge         Conj/Air       0%         2-2/arc   92%         2
 Sublimation of Blood     Necr           0%         N/A       92%         2
 Wereblood                Tmut           0%         N/A       92%         2
 Call Canine Familiar     Summ           0%         N/A       99%         3
 Confusing Touch          Hex            0%         N/A       99%         3
 Frozen Ramparts          Ice            0%         1d1       99%         3
 Gell's Gravitas          Tloc           0%         N/A       99%         3
 Hailstorm                Conj/Ice       0%         3d3       99%         3
 Ignite Poison            Fire/Tmut/Pois 0%         N/A       99%         3
 Inner Flame              Hex/Fire       0%         N/A       99%         3
 Mephitic Cloud           Conj/Pois/Air  0%         N/A       99%         3
 Ozocubu's Armour         Ice            0%         N/A       99%         3
 Portal Projectile        Hex/Tloc       0%         N/A       99%         3
 Spider Form              Tmut/Pois      0%         N/A       99%         3
 Stone Arrow              Conj/Erth      0%         3d7       99%         3
 Swiftness                Air            0%         N/A       99%         3
 Teleport Other           Tloc           0%         N/A       99%         3
 Tukima's Dance           Hex            0%         N/A       99%         3
 Vampiric Draining        Necr           0%         2d6       99%         3
 Airstrike                Air            0%         2d(0-16)  100%        4
 Animate Armour           Summ/Erth      0%         N/A       100%        4
 Flame Wave               Conj/Fire      0%         2d4       100%        4
 Fulminant Prism          Conj/Hex       0%         3d5       100%        4
 Ice Form                 Ice/Tmut       0%         N/A       100%        4
 Leda's Liquefaction      Hex/Erth       0%         N/A       100%        4
 Passage of Golubria      Tloc           0%         N/A       100%        4
 Petrify                  Tmut/Erth      0%         N/A       100%        4
 Sticky Flame             Conj/Fire      0%         2d3       100%        4
 Summon Lightning Spire   Summ/Air       0%         N/A       100%        4
 Alistair's Intoxication  Tmut/Pois      0%         N/A       100%        5
 Arcjolt                  Conj/Air       0%         1d10      100%        5
 Blade Hands              Tmut           0%         N/A       100%        5
 Fireball                 Conj/Fire      0%         3d3       100%        5
 Freezing Cloud           Conj/Ice/Air   0%         6-21      100%        5
 Iskenderun's Battlesphe  Conj           0%         2d6       100%        5
 Metabolic Englaciation   Hex/Ice        0%         N/A       100%        5
 Silence                  Hex/Air        0%         N/A       100%        5
 Summon Mana Viper        Hex/Summ       0%         N/A       100%        5
 Yara's Violent Unravell  Hex/Tmut       0%         3d3       100%        5
 Conjure Ball Lightning   Conj/Air       0%         3x3d6     100%        6
 Dispersal                Tloc           0%         N/A       100%        6
 Iron Shot                Conj/Erth      0%         9d1       100%        6
 Plasma Beam              Fire/Air       0%         2x1d11    100%        6
 Simulacrum               Ice/Necr       0%         N/A       100%        6
 Starburst                Conj/Fire      0%         6d3       100%        6
 Statue Form              Tmut/Erth      0%         N/A       100%        6
 Orb of Destruction       Conj           0%         9d5       100%        7
 Ozocubu's Refrigeration  Ice            0%         4d7       100%        7
 Spellforged Servitor     Conj/Summ      0%         N/A       100%        7
 Storm Form               Tmut/Air       0%         N/A       100%        7
 Summon Hydra             Summ           0%         N/A       100%        7
 Disjunction              Tloc           0%         N/A       100%        8
 Lehudib's Crystal Spear  Conj/Erth      0%         10d2      100%        8
 Maxwell's Capacitive Co  Air            0%         ∞         100%        8
 Chain Lightning          Conj/Air       0%         N/A       100%        9
 Fire Storm               Conj/Fire      0%         5d1       100%        9
 Polar Vortex             Ice            0%         N/A       100%        9
 Shatter                  Erth           0%         3d5*      100%        9


Dungeon Overview and Level Annotations

Branches:
Dungeon (15/15)            Temple (1/1) D:4            Lair (5/5) D:11
 Shoals (4/4) Lair:2        Snake (4/4) Lair:3        Slime (5/5) Lair:4
    Orc (2/2) D:12            Elf (3/3) Orc:2        Vaults (5/5) D:14
  Crypt (3/3) Vaults:3       Tomb (1/3) Crypt:3      Depths (4/4) D:15
   Hell (visited)             Dis (3/7) Hell            Geh (0/7) Hell
    Coc (0/7) Hell            Tar (0/7) Hell            Zot (0/5) Depths:4
 Bailey (visited)           IceCv (visited)

Altars:
Ashenzari
Cheibriados
Dithmenos
Elyvilon
Hepliaklqana
Kikubaaqudgha
Makhleb
Nemelex Xobeh
Okawaru
Qazlal
Ru
Sif Muna
Trog
Uskayaw
Vehumet
Wu Jian
Xom
Yredelemnul
Zin
The Shining One

Shops:
D:3 (   D:5 ![([   D:15 :   Orc:1 :   Orc:2 [=(*   Elf:1 :   Elf:2 (
Shoals:3 [[*   Snake:3 *!=?   Vaults:4 *

Portals:
Hell: Depths:1 Depths:2 Depths:3 Depths:4
Abyss: Depths:3
Pandemonium: Depths:2 Depths:3


Innate Abilities, Weirdness & Mutations

You have a pair of horns on your head.
You reflexively headbutt those who attack you in melee.
You have sharp toenails.
You are clumsy. (Dex -2)
You are strong-willed. (Will+)


Message History

The mummy priest calls on the powers of darkness!
Your body is wracked with pain!
* * * LOW HITPOINT WARNING * * *
Your daeva convulses!
Throw: 6 javelins (silver)
Press: ? - help, Q - select action, (/) - cycle Shift-Dir - straight line, f - flayed ghost, p - jiangshi
Aim: a flayed ghost (summoned, haloed, 79% to hit)
You throw a silver javelin.
The silver javelin pierces through the freezing wraith!
The freezing wraith is moderately damaged.
The silver javelin pierces through the wraith!!
You destroy the wraith!
The wraith disappears in a puff of smoke!
The silver javelin pierces through the mummy!!
You destroy the mummy!
The Shining One accepts your kill.
You feel better.
You feel your power returning.
The silver javelin pierces through the flayed ghost!!
The flayed ghost is heavily damaged.
The silver javelin pierces through the spectral glowing shapeshifter!
The spectral glowing shapeshifter is moderately damaged.
The silver javelin pierces through the mummy!!
You destroy the mummy!
The mummy disappears in a puff of smoke!
The jiangshi claws you but does no damage.
The jiangshi misses you. The jiangshi claws you!
* * * LOW HITPOINT WARNING * * *
The jiangshi closely misses you.
The flayed ghost cries, "Suffer as I suffered!"
Terrible wounds spread across more of your body!
* * * LOW HITPOINT WARNING * * *
Your daeva hits the guardian mummy with a +5 scimitar of holy wrath!!
The guardian mummy convulses!!
Your daeva hits the guardian mummy with a +5 scimitar of holy wrath!
The guardian mummy is destroyed!
The Shining One accepts your kill.
You feel extremely nervous for a moment...
Pain shoots through your body!
You die...

▓.........▓
▓▓▓▓▓.(.......▓▓
▓...............
▓...............
▓...............
▓........MM....?
▓∩....M.ZZM....:
▓.....VVn.ZZ....
▓.....@WV.W.§(..
▓......334......
▓....A..M.M.....
▓▓▓▓▓....Z....▓▓
▓.........▓
▓.........▓
▓▓▓▓▓▓▓▓▓▓▓


You could see 3 mummy priests, 2 jiangshi, a soul eater (summoned), a flayed
ghost (summoned), a sun demon (summoned, ally target), a freezing wraith
(summoned), a spectral glowing shapeshifter (summoned), a chaos spawn
(summoned), a vampire (summoned), a necrophage (summoned), 3 mummies, an iron
dragon zombie (summoned), a shadow dragon skeleton, a frost giant skeleton
(summoned), a glowing shapeshifter skeleton (summoned) and a friendly daeva
(summoned).

Vanquished Creatures
  the Royal Jelly (Slime:5)
  4 dread liches
  Mennas (Depths:4)
  An ancient lich (Vaults:5)
  Mara (Shoals:3)
  2 juggernauts (Depths:2)
  A royal mummy (Tomb:1)
  3 Killer Klowns (Zig:8)
  Saint Roka (Depths:3)
  Bai Suzhen (Shoals:3)
  A curse toe (Crypt:3)
  Xtahua (Crypt:3)
  A caustic shrike (shapeshifter) (Zig:8)
  Geryon (Hell)
  10 caustic shrikes
  A golden dragon (Depths:3)
  the Enchantress (Depths:3)
  2 bone dragons
  3 walking crystal tomes (Depths:3)
  6 tentacled monstrosities
  Zenata (Vaults:1)
  A walking earthen tome (Depths:2)
  10 liches
  3 Hell Sentinels
  5 deep elf blademasters
  4 quicksilver dragons
  Polyphemus (Shoals:2)
  A walking divine tome (Depths:3)
  6 titans
  2 deep elf master archers (Elf:3)
  10 ancient champions
  19 acid blobs
  Gastronok (D:8)
  4 krakens
  13 sphinxes
  3 tentacled starspawn
  7 shadow dragons
  7 tengu reavers
  Donald (Shoals:3)
  Roxanne (Shoals:2)
  5 storm dragons
  13 rockslimes
  10 nagarajas (Snake:4)
  Ilsuiw (Shoals:2)
  A daeva (Abyss:2)
  A fenstrider witch (shapeshifter) (Zig:8)
  7 revenants
  18 azure jellies
  5 deep elf sorcerers
  12 frost giants
  26 vault wardens
  7 fire giants
  2 quicksilver elementals (Dis:1)
  A draconian scorcher (Depths:4)
  Aizul (Snake:4)
  A ghost moth (shapeshifter) (Vaults:5)
  A draconian stormcaller (Depths:4)
  5 curse skulls
  4 deep elf elementalists
  A cacodemon (Hell)
  13 ghouls
  6 spriggan defenders
  9 reapers
  20 stone giants
  8 war gargoyles
  3 caustic shrike skeletons
  An orc warlord (Orc:1)
  22 quicksilver oozes
  15 ironbound preservers
  A stone giant (shapeshifter) (Vaults:5)
  12 vampire knights
  A green draconian (Depths:4)
  3 juggernaut skeletons
  23 very ugly things
  4 ironbound thunderhulks
  9 deep elf annihilators
  2 lorocyprocas (Hell)
  5 deep elf demonologists
  4 bennus
  2 purple draconians (Depths:4)
  12 spark wasps
  Azrael (Elf:1)
  A yellow draconian (Depths:4)
  18 dire elephants
  2 red draconians (Depths:4)
  The ghost of Sadonosm the Carver, a journeyman DgSk (Lair:3)
  9 deep elf death magi
  7 eidola
  13 ettins
  6 merfolk impalers
  4 blizzard demons
  10 fire dragons
  A fire dragon (shapeshifter) (Depths:3)
  6 jiangshi
  4 iron golems
  16 yaktaur captains
  Snorg (D:13)
  Josephine (Orc:2)
  6 merfolk javelineers
  11 mummy priests (Tomb:1)
  2 spriggan zombies
  A great orb of eyes (shapeshifter) (Depths:4)
  9 ice dragons
  3 deep elf high priests
  14 great orbs of eyes
  2 entropy weavers
  A shambling mangrove (Abyss:3)
  A kraken zombie (Hell)
  3 hydras
  13 spriggan air magi
  28 vault guards
  2 quicksilver dragon skeletons
  A hell beast (Hell)
  3 ogre magi
  Erolcha (D:9)
  2 peacekeepers
  2 rakshasas
  An anaconda (shapeshifter) (Depths:3)
  20 centaur warriors
  A ghost crab (Abyss:3)
  5 salamander tyrants
  3 catoblepae
  7 merfolk aquamancers
  An alligator snapping turtle (Shoals:2)
  2 death knights
  13 ironbound frosthearts
  6 anacondas
  4 deep troll shamans
  10 two-headed ogres
  4 satyrs
  Erica (D:8)
  7 merfolk avatars
  6 boulder beetles
  5 spriggan skeletons
  An alligator (shapeshifter) (D:14)
  35 dancing weapons
  21 naga warriors
  An orc high priest (Orc:2)
  6 tengu warriors
  14 death scarabs (Tomb:1)
  A titan zombie (Hell)
  4 thrashing horrors (Abyss:3)
  2 vampire magi (Crypt:1)
  8 spriggan berserkers
  8 shock serpents
  10 death yaks
  12 deep troll earth magi
  20 deep elf knights
  15 naga sharpshooters
  A crystal echidna (Dis:3)
  7 hell knights
  5 soul eaters
  A wretched star (Abyss:2)
  Nergalle (D:10)
  5 sun demons (Hell)
  A fire crab (Abyss:3)
  A golden dragon zombie (Crypt:3)
  2 titan skeletons (Crypt:3)
  A sixfirhy (Hell)
  35 skeletal warriors
  7 salamander mystics
  Amaemon (Lair:2)
  A spark wasp zombie (Crypt:1)
  5 iron trolls
  6 skysharks (Shoals:1)
  2 shadow wraiths
  3 anaconda zombies (Hell)
  A sea snake (shapeshifter) (Zig:8)
  A spriggan druid (Zig:3)
  24 deep trolls
  7 bog bodies
  10 sea snakes
  4 spriggan simulacra
  21 ironbound convokers
  9 flayed ghosts
  An obsidian statue (IceCv)
  9 wizards
  A deep troll (shapeshifter) (Depths:2)
  5 lindwurms
  13 phantasmal warriors
  An anaconda skeleton (Hell)
  7 deep elf archers
  3 naga ritualists
  17 deep elf zephyrmancers
  An iron giant skeleton (Crypt:2)
  38 harpies
  21 deep elf pyromancers
  2 shadow dragon zombies
  8 mana vipers
  16 necromancers
  7 orc knights
  A shadow dragon skeleton (Crypt:1)
  2 orc sorcerers (Orc:2)
  A frost giant zombie (Zig:9)
  24 salamanders
  7 shining eyes
  A tengu skeleton (Crypt:2)
  2 oklob plants
  9 cyclopes
  15 manticores
  A fire giant zombie (Depths:2)
  2 worldbinders (Abyss:3)
  36 ugly things
  A wolf spider (D:15)
  13 fauns (Shoals:2)
  An iron dragon skeleton (Crypt:2)
  8 guardian serpents
  11 merfolk sirens
  3 rust devils (Hell)
  2 ice statues (Hell)
  A moth of wrath (shapeshifter) (Depths:4)
  A sphinx skeleton (Depths:3)
  10 elephants
  A stone giant skeleton (Depths:2)
  21 vault sentinels
  5 orange demons
  3 torpor snails (shapeshifter)
  5 molten gargoyles (Hell)
  11 smoke demons
  6 water nymphs
  24 black mambas
  2 apocalypse crabs (Abyss:3)
  17 naga magi
  4 eyes of devastation
  A torpor snail (Lair:5)
  A gargoyle (D:12)
  3 demonic crawlers (Hell)
  8 cane toads
  5 hellions
  9 rime drakes
  4 centaur skeletons
  A kobold demonologist (D:8)
  29 yaktaurs
  An orb spider zombie (Crypt:3)
  An unseen horror (D:12)
  2 efreet (D:15)
  6 tengu conjurers
  7 komodo dragons
  An ice devil (IceCv)
  A swamp worm zombie (Crypt:3)
  24 freezing wraiths
  A red devil (Depths:2)
  3 anaconda simulacra (IceCv)
  A tormentor (Dis:2)
  A harpy zombie (Hell)
  A sea snake skeleton (Hell)
  3 ancient zymes
  A hydra zombie (Hell)
  13 guardian mummies
  5 trolls
  54 merfolk
  A mana viper skeleton (Crypt:3)
  10 hornets
  5 meliai (Depths:3)
  Prince Ribbit (D:8)
  A tengu simulacrum (Hell)
  A culicivora zombie (Crypt:3)
  A hellwing (Abyss:3)
  6 polar bears
  A sphinx simulacrum (Depths:3)
  A harpy skeleton (Crypt:3)
  A wolf spider simulacrum (D:15)
  6 wind drakes
  2 hydra skeletons
  4 dream sheep (Lair:5)
  15 blink frogs
  A dream sheep (shapeshifter) (Vaults:5)
  5 snapping turtles
  7 flying skulls
  3 air elementals
  143 slime creatures
  13 wyverns
  2 ynoxinuls
  An ettin skeleton (Crypt:1)
  A shadow (D:9)
  A yak (shapeshifter) (D:15)
  4 dire elephant simulacra (IceCv)
  11 wraiths
  5 basilisks
  29 water elementals
  20 spriggans
  12 starcursed masses (Abyss:3)
  2 ushabtiu (Tomb:1)
  3 fire bats (Abyss:3)
  5 chaos spawn
  32 yaks
  A basilisk (shapeshifter) (Vaults:5)
  A minotaur simulacrum (IceCv)
  13 fire elementals
  10 golden eyes
  2 redbacks (Vaults:2)
  A redback (shapeshifter) (Depths:2)
  3 vampire mosquitoes (D:15)
  A neqoxec (Abyss:2)
  6 large abominations
  3 small abominations
  A swamp worm (shapeshifter) (Vaults:5)
  49 nagas
  2 harpy simulacra (IceCv)
  2 wargs
  4 hydra simulacra (IceCv)
  A two-headed ogre skeleton (Crypt:2)
  3 hell hounds
  11 water moccasins
  A demonspawn skeleton (Crypt:3)
  4 ice beasts
  An elephant zombie (Crypt:3)
  4 ettin simulacra
  45 orc warriors
  2 sky beasts
  A water nymph skeleton (Crypt:1)
  4 black bears
  4 alligator simulacra
  A hog zombie (Crypt:1)
  8 ogres
  7 boggarts
  28 wolves
  A hog skeleton (Crypt:3)
  11 centaurs
  5 kobold brigands
  10 bullfrogs
  A deep troll simulacrum (IceCv)
  3 necrophages
  An elf skeleton (Crypt:3)
  3 earth elementals
  A wyvern zombie (Crypt:2)
  19 wights
  6 lindwurm simulacra (IceCv)
  6 killer bees (D:8)
  A raiju skeleton (Crypt:2)
  2 electric eels (D:8)
  A howler monkey (D:11)
  17 orc priests
  6 hounds
  2 gnoll boudas
  4 sleepcaps
  20 orc wizards
  2 iguanas
  7 hell rats (Lair:4)
  A centaur simulacrum (D:8)
  An ogre skeleton (Crypt:1)
  13 mummies
  10 adders
  10 gnolls
  3 shadow imps
  2 white imps
  An ufetubus (D:8)
  A jelly zombie (Crypt:2)
  2 worms (D:3)
  5 dart slugs
  112 orcs
  8 ball pythons
  10 endoplasms
  A giant cockroach (D:2)
  8 goblins
  12 hobgoblins
  10 jackals
  6 quokkas
  8 bats
  6 frilled lizards
  A giant cockroach zombie (Crypt:3)
  A gnoll skeleton (Crypt:1)
  A goblin skeleton (Crypt:3)
  A hobgoblin skeleton (Crypt:3)
  33 kobolds
  2 rats (D:2)
  A plant (Shoals:4)
  4 starspawn tentacles
  12 tentacles
2645 creatures vanquished.

Vanquished Creatures (collateral kills)
  A royal mummy (Tomb:1)
  Margery (Vaults:4)
  Jory (Vaults:3)
  Jorgrun (Snake:1)
  6 ancient champions (Crypt:3)
  A deep elf sorcerer (Elf:2)
  2 caustic shrike skeletons (Crypt:3)
  An eidolon (Crypt:3)
  An alligator snapping turtle (Shoals:3)
  A merfolk avatar (Shoals:3)
  4 death scarabs (Tomb:1)
  A naga warrior (Snake:4)
  2 titan skeletons (Crypt:3)
  A shock serpent (Snake:1)
  A deep elf knight (Elf:2)
  A skeletal warrior (Crypt:3)
  An iron giant skeleton (Crypt:3)
  A necromancer (Crypt:3)
  A phantasmal warrior (Crypt:3)
  A deep elf zephyrmancer (Elf:2)
  A merfolk siren (Shoals:3)
  A water nymph (Shoals:3)
  A dire elephant skeleton (Crypt:3)
  2 naga skeletons (Crypt:3)
  An alligator snapping turtle skeleton (Crypt:3)
  A minotaur skeleton (Crypt:3)
  A guardian mummy (Zig:9)
  2 yaktaurs (Vaults:3)
  2 harpy skeletons (Crypt:3)
  2 water elementals (Shoals:3)
  2 wights (Crypt:3)
  2 mummies (Tomb:1)
48 creatures vanquished.

Vanquished Creatures (others)
  A sphinx (Tomb:1)
  A deep elf zephyrmancer (Elf:1)
  A necromancer (Depths:3)
  A wolf spider (shapeshifter) (Vaults:5)
  2 water elementals (Elf:1)
  An air elemental (Elf:1)
  A naga (Snake:2)
  A wight (Crypt:3)
  A bat skeleton (Crypt:1)
  44 fungi
  203 plants
  3 starspawn tentacles
  34 tentacles
294 creatures vanquished.

Grand Total: 2987 creatures vanquished

Notes
Turn   | Place    | Note
-------+----------+-------------------------------------------
     0 | D:1      | suse60 the Minotaur Gladiator began the quest for the Orb.
     0 | D:1      | Reached XP level 1. HP: 18/18 MP: 0/0
   113 | D:1      | Reached XP level 2. HP: 24/25 MP: 1/1
   403 | D:1      | Reached XP level 3. HP: 29/31 MP: 2/2
   811 | D:2      | You fall into a shaft and drop 1 floor!
  1028 | D:3      | Found a basalt altar of Yredelemnul.
  1042 | D:3      | Found a radiant altar of Vehumet.
  1223 | D:2      | Reached skill level 5 in Axes
  1223 | D:2      | Reached XP level 4. HP: 37/40 MP: 3/3
  1389 | D:2      | Reached XP level 5. HP: 34/47 MP: 4/4
  1558 | D:2      | Found a basalt altar of Yredelemnul.
  1897 | D:3      | Found Nidul's Antique Weapon Boutique.
  1913 | D:3      | Reached skill level 5 in Fighting
  2157 | D:3      | Identified the +1 leather armour of Syndicalism {rPois
                  | SInv}
  2292 | D:4      | Noticed an orc warrior
  2330 | D:4      | Killed an orc warrior
  2331 | D:4      | Reached XP level 6. HP: 42/56 MP: 5/5
  2443 | D:4      | Found a staircase to the Ecumenical Temple.
  2461 | Temple   | Entered the Ecumenical Temple
  2498 | Temple   | Became a worshipper of the Shining One
  2573 | D:4      | Found a burning altar of Makhleb.
  2586 | D:4      | Found a hide-covered altar of Uskayaw.
  2604 | D:4      | Found a glowing silver altar of Zin.
  2607 | D:4      | Found a stormy altar of Qazlal.
  2686 | D:4      | Found an ornate altar of the Wu Jian Council.
  2692 | D:4      | Found a snail-covered altar of Cheibriados.
  3166 | D:5      | Entered Level 5 of the Dungeon
  3355 | D:5      | Reached XP level 7. HP: 61/64 MP: 6/6
  3402 | D:5      | Found Hopsucoo's Weapon Shoppe.
  3669 | D:5      | Found a bloodstained altar of Trog.
  3795 | D:5      | Found Jumulae's Distillery.
  3808 | D:5      | Found Ubliz's Antique Armour Boutique.
  4011 | D:5      | Found Olouteah's Antique Armour Shop.
  4014 | D:5      | Bought a brightly glowing chain mail for 161 gold pieces
  4014 | D:5      | Identified the +8 chain mail "Kiekar" {Dex+6} (You bought
                  | it in a shop on level 5 of the Dungeon)
  5070 | D:6      | Reached XP level 8. HP: 74/74 MP: 7/7
  5475 | D:7      | Reached skill level 10 in Axes
  5480 | D:7      | Reached * piety under the Shining One
  5483 | D:7      | Reached skill level 1 in Armour
  5796 | D:7      | Reached skill level 10 in Fighting
  6024 | D:8      | Reached XP level 9. HP: 85/85 MP: 8/8
  6033 | D:8      | Reached skill level 5 in Armour
  6124 | D:8      | Noticed Erica
  6151 | D:8      | Killed Erica
  6502 | D:8      | Found an iron altar of Okawaru.
  6518 | D:8      | Noticed a kobold demonologist
  6530 | D:8      | Killed a kobold demonologist
  6559 | D:8      | Reached skill level 10 in Armour
  6651 | D:8      | Reached XP level 10. HP: 93/93 MP: 9/9
  6651 | D:8      | Noticed Gastronok
  6663 | D:8      | Reached skill level 5 in Dodging
  6680 | D:8      | Killed Gastronok
  6813 | D:8      | Reached ** piety under the Shining One
  6843 | D:8      | Noticed Prince Ribbit
  6873 | D:8      | Killed Prince Ribbit
  7547 | D:9      | Noticed Erolcha
  7554 | Abyss:1  | Cast into level 1 of the Abyss (Erolcha)
  7622 | Abyss:2  | Noticed a hell knight
  7622 | Abyss:2  | Noticed a necromancer
  7622 | Abyss:2  | Noticed a necromancer
  7638 | Abyss:2  | Noticed a hell knight
  7645 | Abyss:2  | Killed a necromancer
  7646 | Abyss:2  | Noticed a necromancer
  7651 | Abyss:2  | Killed a necromancer
  7651 | Abyss:2  | Noticed a hell knight
  7652 | Abyss:2  | Reached skill level 10 in Dodging
  7652 | Abyss:2  | HP: 1/93 [hell knight/bolt of fire (39)]
  7653 | Abyss:2  | Killed a hell knight
  7653 | Abyss:2  | Noticed a hell knight
  7655 | Abyss:2  | The Shining One protects you from harm!
  7704 | Abyss:2  | Noticed a wretched star
  7717 | Abyss:2  | Killed a wretched star
  7718 | Abyss:2  | Reached XP level 11. HP: 7/99 MP: 10/10
  7753 | D:9      | Escaped the Abyss
  7756 | D:9      | Killed Erolcha
  7962 | D:9      | Reached *** piety under the Shining One
  8042 | D:9      | Reached skill level 1 in Invocations
  8726 | D:10     | Entered Level 10 of the Dungeon
  8738 | D:10     | Reached skill level 5 in Invocations
  8829 | D:10     | Noticed an ogre mage
  8841 | D:10     | Killed an ogre mage
  8965 | D:10     | Found a flagged portal.
  8976 | Bailey   | Entered a bailey
  9041 | Bailey   | Noticed an orc knight
  9136 | Bailey   | Noticed an orc knight
  9168 | Bailey   | Killed an orc knight
  9196 | Bailey   | Killed an orc knight
  9231 | Bailey   | Identified the +1 helmet "Mikeokod" {rF+ Str-4 Dex+2 SInv}
  9572 | D:10     | Noticed Nergalle
  9586 | D:10     | Killed Nergalle
  9982 | D:11     | Noticed a two-headed ogre
  9990 | D:11     | Killed a two-headed ogre
 10107 | D:11     | Reached XP level 12. HP: 82/113 MP: 15/15
 10290 | D:11     | Found a staircase to the Lair.
 10292 | D:11     | Noticed a boulder beetle
 10310 | D:11     | Killed a boulder beetle
 10319 | D:11     | Identified the +7 falchion "Samuram" {venom, rF+ Str+2 SInv
                  | Stlth-}
 10721 | Lair:1   | Entered Level 1 of the Lair of Beasts
 11428 | Lair:1   | Reached **** piety under the Shining One
 11913 | Lair:2   | Reached skill level 15 in Fighting
 11928 | Lair:2   | Reached skill level 10 in Invocations
 11928 | Lair:2   | Reached XP level 13. HP: 126/126 MP: 15/19
 11967 | Lair:2   | Noticed Amaemon
 11976 | Lair:2   | Killed Amaemon
 12424 | Lair:2   | Found a staircase to the Shoals.
 12748 | Lair:2   | You fall into a shaft and drop 1 floor!
 12750 | Lair:3   | Found a transporter.
 12804 | Lair:3   | Noticed Sadonosm's ghost (journeyman DgSk)
 12953 | Lair:3   | Found a transporter.
 13037 | Lair:3   | Reached XP level 14. HP: 132/138 MP: 20/20
 13087 | Lair:3   | Identified the +1 pair of gloves "Ofrutod" {rF+ rCorr
                  | Stlth+}
 13405 | Lair:2   | Identified the ring "Geabame" {Ice Contam Will+++ Str+3
                  | Slay-6}
 13941 | Lair:3   | Found a staircase to the Snake Pit.
 14242 | Lair:4   | Reached ***** piety under the Shining One
 14529 | Lair:4   | Found a staircase to the Slime Pits.
 15024 | Lair:4   | Reached skill level 15 in Axes
 15268 | Lair:5   | Entered Level 5 of the Lair of Beasts
 16270 | Lair:5   | Found an ornate altar of the Wu Jian Council.
 16699 | Lair:5   | Paralysed by a hornet for 3 turns
 17088 | Lair:5   | Identified the +4 great sword of the Burning Pariah {flame,
                  | rF+ Int+6 Dex-5}
 17779 | Lair:3   | Killed Sadonosm's ghost
 17922 | D:12     | Found a staircase to the Orcish Mines.
 18063 | D:12     | Reached XP level 15. HP: 145/145 MP: 21/21
 18907 | Orc:1    | Entered Level 1 of the Orcish Mines
 19107 | Orc:2    | Entered Level 2 of the Orcish Mines
 19128 | Orc:2    | Reached ****** piety under the Shining One
 19170 | Orc:1    | Found Jul Seal's Book Emporium.
 19358 | Orc:2    | Noticed Josephine
 19383 | Orc:2    | Killed Josephine
 19384 | Orc:2    | Reached skill level 15 in Armour
 19781 | Orc:2    | Found Gomad's Antique Weapon Boutique.
 19823 | Orc:2    | Found Vaoc's Antique Armour Boutique.
 19932 | Orc:2    | Found a staircase to the Elven Halls.
 19977 | Orc:2    | Found Nomuum's Jewellery Boutique.
 19992 | Orc:2    | Found Nathrelext's General Store.
 20281 | D:5      | Bought masterwork fire dragon scales for 1625 gold pieces
 20281 | D:5      | Identified the +1 fire dragon scales of Intuition {rPois
                  | rF++ rC- Will+ rCorr} (You bought it in a shop on level 5
                  | of the Dungeon)
 20598 | Snake:1  | Entered Level 1 of the Snake Pit
 21128 | Snake:1  | Noticed Jorgrun
 21141 | Snake:1  | Killed Jorgrun
 22151 | Snake:2  | Reached skill level 15 in Dodging
 22944 | Snake:2  | Reached XP level 16. HP: 147/157 MP: 22/22
 24478 | Snake:3  | Found Rokafrorgh's Jewellery Boutique.
 24478 | Snake:3  | Found Oshrocw's Distillery.
 24480 | Snake:3  | Found Atzuabbei's General Store.
 24481 | Snake:3  | Found Toosucet's Magic Scroll Boutique.
 24887 | Snake:4  | Entered Level 4 of the Snake Pit
 25522 | Snake:4  | Found a glowing silver altar of Zin.
 25762 | Snake:4  | Noticed Aizul
 25781 | Snake:4  | Killed Aizul
 26423 | Snake:4  | Got a serpentine rune of Zot
 26769 | Snake:4  | Reached XP level 17. HP: 167/170 MP: 23/23
 27810 | Shoals:1 | Entered Level 1 of the Shoals
 28470 | Shoals:1 | Noticed a kraken
 28488 | Shoals:1 | Killed a kraken
 30302 | Shoals:2 | Noticed Polyphemus
 30343 | Shoals:2 | Killed Polyphemus
 31155 | Shoals:2 | Reached XP level 18. HP: 124/183 MP: 26/26
 31420 | Shoals:2 | Noticed Ilsuiw
 31635 | Shoals:2 | Killed Ilsuiw
 31886 | Shoals:2 | Identified Roxanne's Elucidation of Terrain
 31886 | Shoals:2 | Noticed Roxanne
 31907 | Shoals:2 | Killed Roxanne
 32585 | Shoals:3 | Noticed Bai Suzhen
 32616 | Shoals:3 | Killed Bai Suzhen
 32929 | Shoals:3 | Found Song's Antique Armour Shoppe.
 32951 | Shoals:3 | Identified the +5 leather armour of the Saviour {Slay+3}
 33010 | Shoals:3 | Noticed Mara
 33025 | Shoals:3 | Noticed suse60's illusion
 33036 | Shoals:3 | Noticed suse60's illusion
 33037 | Shoals:3 | Killed Mara
 33198 | Shoals:3 | Found Keoxo's Assorted Antiques.
 33206 | Shoals:3 | Bought a scroll of teleportation for 78 gold pieces
 33393 | Shoals:3 | Found Zojop's Armour Shop.
 33582 | Shoals:3 | Noticed Donald
 33606 | Shoals:3 | Killed Donald
 34017 | Shoals:4 | Entered Level 4 of the Shoals
 35277 | Shoals:4 | HP: 9/192 [merfolk impaler/+0 trident of distortion (25)]
 35706 | Shoals:4 | Got a barnacled rune of Zot
 36614 | Slime:1  | Entered Level 1 of the Pits of Slime
 37268 | Lair:4   | Reached XP level 19. HP: 136/202 MP: 27/27
 38829 | D:13     | Noticed Snorg
 38836 | D:13     | Killed Snorg
 39359 | D:14     | Found a runed translucent door.
 39859 | D:14     | Found a gate to the Vaults.
 40702 | D:15     | Entered Level 15 of the Dungeon
 41094 | D:15     | Identified the +5 scale mail of the Lotus Blossom {rF- rN+
                  | Int+4}
 41443 | D:15     | Found a staircase to the Depths.
 41645 | D:15     | Found a hazy altar of Hepliaklqana.
 41678 | D:15     | Found Oriufim's Tremendous Tomes.
 41923 | Vaults:1 | Entered Level 1 of the Vaults
 42079 | Vaults:1 | Reached skill level 27 in Fighting
 42538 | Vaults:1 | Noticed Zenata
 42553 | Vaults:1 | Killed Zenata
 43852 | Vaults:1 | Reached XP level 20. HP: 216/216 MP: 28/28
 46350 | Vaults:3 | Noticed Jory
 46363 | Vaults:3 | Killed Jory
 46747 | Vaults:3 | Got Sif Muna's Volume of the Gestalt
 47324 | Vaults:3 | Found a staircase to the Crypt.
 47324 | Vaults:3 | Found a basalt altar of Yredelemnul.
 47324 | Vaults:3 | Found an ancient bone altar of Kikubaaqudgha.
 48143 | Vaults:4 | Reached XP level 21. HP: 196/224 MP: 29/29
 48678 | Vaults:4 | Found Kiqe Qyv's Assorted Antiques.
 48686 | Vaults:4 | Bought a scroll of teleportation for 87 gold pieces
 48686 | Vaults:4 | Bought a potion of might for 116 gold pieces
 49063 | Vaults:5 | Entered Level 5 of the Vaults
 49385 | Vaults:5 | Noticed Margery
 49593 | Vaults:4 | Killed Margery
 49701 | Vaults:5 | Noticed a dread lich
 49752 | Vaults:4 | Killed a dread lich
 50193 | Vaults:5 | Identified the +4 quarterstaff of War {freeze, Str+2}
 51034 | Vaults:5 | Noticed an ancient lich
 51045 | Vaults:5 | Killed an ancient lich
 51301 | Vaults:5 | Identified the ring of Xom's Passing Interest {rN+ Will+
                  | Str+3}
 51889 | Vaults:5 | Reached XP level 22. HP: 202/233 MP: 30/30
 52015 | Vaults:5 | Noticed a dread lich
 52020 | Vaults:5 | Killed a dread lich
 52598 | Vaults:5 | Identified the ring "Gocwakh" {Will+++ AC+4 Int+5 Slay-2
                  | Stlth-}
 52998 | Vaults:5 | Identified the +1 scale mail "Futzet" {Harm}
 53273 | Vaults:5 | Identified the staff of earth "Toegour" {Str+3 Dex+2}
 53323 | Vaults:5 | Got the Omnibus of the Tundra and the Oath
 53325 | Vaults:5 | Got a silver rune of Zot
 53500 | Crypt:1  | Entered Level 1 of the Crypt
 53875 | Crypt:1  | You fall into a shaft and drop 1 floor!
 54875 | Elf:1    | Entered Level 1 of the Elven Halls
 55077 | Elf:1    | Found Ruokus's Book Boutique.
 55381 | Elf:1    | Noticed Azrael
 55388 | Elf:1    | Killed Azrael
 55953 | Elf:2    | Found Ylulem's Weapon Emporium.
 56040 | Elf:2    | Found a frozen archway.
 56069 | IceCv    | Entered an ice cave
 56465 | IceCv    | Found an ancient bone altar of Kikubaaqudgha.
 56703 | Elf:2    | Reached XP level 23. HP: 186/240 MP: 31/31
 56967 | Elf:2    | Found a huge runed translucent gate.
 56967 | Elf:2    | Found a huge runed translucent gate.
 56967 | Elf:2    | Found a huge runed translucent gate.
 56967 | Elf:2    | Found a huge runed translucent gate.
 56967 | Elf:2    | Found a huge runed translucent gate.
 57786 | Elf:3    | Entered Level 3 of the Elven Halls
 58410 | Elf:3    | Gained mutation: Potions are less effective at restoring
                  | your health. [a cacodemon]
 58414 | Elf:3    | Gained mutation: You are frail. (-10% HP) [a cacodemon]
 58427 | Elf:3    | Identified the +10 quarterstaff "Xofeoff" {flame, Will+}
 58437 | Elf:3    | Identified the +9 triple sword of Ximoyrgh {drain, Fly}
 58498 | Elf:3    | Identified the +1 dagger of the Morning {holy, Str+4
                  | Stlth+}
 58763 | Elf:3    | Got Cifowk's Codex of Obstruction
 59077 | Orc:2    | Bought the ring "Esusk" {Fly rElec rN+} for 571 gold pieces
 59113 | Orc:2    | Bought a pair of steaming gloves for 351 gold pieces
 59113 | Orc:2    | Identified the +0 pair of gloves of Generosity {rC+} (You
                  | bought it in a shop on level 2 of the Orcish Mines)
 59879 | Snake:3  | Bought a potion of mutation for 96 gold pieces
 59879 | Snake:3  | Bought a potion of heal wounds for 60 gold pieces
 60429 | Slime:2  | Lost mutation: Potions are less effective at restoring your
                  | health. [potion of mutation]
 60429 | Slime:2  | Lost mutation: You are frail. (-10% HP) [potion of
                  | mutation]
 60429 | Slime:2  | Gained mutation: Your body sometimes deteriorates upon
                  | taking damage. [potion of mutation]
 60429 | Slime:2  | Gained mutation: Your mind is acute. (Int +4, Str/Dex -1)
                  | [potion of mutation]
 61088 | Slime:1  | Reached skill level 27 in Axes
 61100 | Slime:2  | Gained mutation: You have hidden genetic defects. [a
                  | shining eye]
 61370 | Slime:3  | Gained mutation: Your magical capacity is low. (-10% MP) [a
                  | shining eye]
 61372 | Slime:3  | Gained mutation: You have terrible hidden genetic defects.
                  | [a shining eye]
 61374 | Slime:3  | Gained mutation: Your magical capacity is very low. (-20%
                  | MP) [a shining eye]
 62055 | Slime:5  | Entered Level 5 of the Pits of Slime
 62148 | Slime:5  | Lost mutation: Your mind is acute. (Int +4, Str/Dex -1) [a
                  | shining eye]
 62151 | Slime:5  | Gained mutation: Your spells are a little easier to cast,
                  | but a little less powerful. [a shining eye]
 62200 | Slime:5  | Gained mutation: You are dopey. (Int -2) [hidden defects]
 62486 | Slime:5  | Gained mutation: You are clumsy. (Dex -2) [a shining eye]
 62495 | Slime:5  | Noticed the Royal Jelly
 62496 | Slime:5  | Identified the +0 tower shield "Foown" {Rampage rElec Str+3
                  | Dex-4}
 62513 | Slime:5  | Killed the Royal Jelly
 62514 | Slime:5  | Reached XP level 24. HP: 147/249 MP: 18/24
 62829 | Slime:5  | Lost mutation: You have terrible hidden genetic defects.
                  | [potion of mutation]
 62829 | Slime:5  | Lost mutation: Your spells are a little easier to cast, but
                  | a little less powerful. [potion of mutation]
 62829 | Slime:5  | Gained mutation: You have supernaturally acute eyesight.
                  | (SInv) [potion of mutation]
 62921 | Slime:5  | Identified the +0 scale mail of the Sparrow {Int+6}
 62927 | Slime:5  | Got the Information on Conjuration and Shifting
 62964 | Slime:5  | Got a slimy rune of Zot
 62966 | Slime:5  | Got the Precepts of Conflagration and Putrescence
 63006 | Slime:5  | Identified the +7 longbow of the End of Times {speed, Int+3
                  | Dex+3}
 63024 | Slime:5  | Identified the ring "Ofagilorph" {Contam rPois rN+ Will+++}
 63044 | Slime:5  | Identified the +6 chain mail "Xeoramnaixo" {SInv}
 63161 | Lair:4   | Lost mutation: Your magical capacity is very low. (-20% MP)
                  | [potion of mutation]
 63161 | Lair:4   | Lost mutation: You have supernaturally acute eyesight.
                  | (SInv) [potion of mutation]
 63161 | Lair:4   | Lost mutation: You are clumsy. (Dex -2) [potion of
                  | mutation]
 63161 | Lair:4   | Gained mutation: You expend magic power (3 MP) to
                  | strengthen your wands. [potion of mutation]
 63161 | Lair:4   | Gained mutation: Your magical capacity is very low. (-20%
                  | MP) [potion of mutation]
 63161 | Lair:4   | Gained mutation: You are clumsy. (Dex -2) [potion of
                  | mutation]
 63161 | Lair:4   | Lost mutation: You are clumsy. (Dex -2) [potion of
                  | mutation]
 63162 | Lair:4   | Lost mutation: You expend magic power (3 MP) to strengthen
                  | your wands. [potion of mutation]
 63162 | Lair:4   | Lost mutation: Your body sometimes deteriorates upon taking
                  | damage. [potion of mutation]
 63162 | Lair:4   | Gained mutation: You sometimes lose your temper in combat.
                  | [potion of mutation]
 63162 | Lair:4   | Gained mutation: You passively map a small area around you.
                  | [potion of mutation]
 63163 | Lair:4   | Lost mutation: You passively map a small area around you.
                  | [potion of mutation]
 63163 | Lair:4   | Lost mutation: Your magical capacity is very low. (-20% MP)
                  | [potion of mutation]
 63163 | Lair:4   | Gained mutation: You have sharp toenails. [potion of
                  | mutation]
 63163 | Lair:4   | Lost mutation: You have hidden genetic defects. [potion of
                  | mutation]
 64248 | Crypt:2  | Found the +15 Maxwell's patent armour {-Cast -Tele rElec
                  | Will+ rCorr}
 64570 | Crypt:3  | Entered Level 3 of the Crypt
 64570 | Crypt:3  | Found a staircase to the Tomb.
 64939 | Crypt:3  | Noticed Xtahua
 64957 | Crypt:3  | Killed Xtahua
 65030 | Crypt:3  | Got Sif Muna's Codex of Fuming Phlogiston
 65573 | Crypt:3  | Noticed a dread lich
 65581 | Crypt:3  | Killed a dread lich
 65582 | Crypt:3  | Reached skill level 27 in Armour
 65588 | Crypt:3  | Identified the +5 spear of Berocot {heavy, Fly rPois}
 65593 | Crypt:3  | Identified the ring "Gingiryo" {rN+ Dex+2 SInv}
 65593 | Crypt:3  | Identified the ring of Taaraf {rN+ Int+5}
 65593 | Crypt:3  | Identified the ring "Sassirr" {rN+ Dex+3 Slay+3}
 65620 | Crypt:3  | Lost mutation: Your magical capacity is low. (-10% MP)
                  | [potion of mutation]
 65620 | Crypt:3  | Lost mutation: You sometimes lose your temper in combat.
                  | [potion of mutation]
 65620 | Crypt:3  | Lost mutation: You are dopey. (Int -2) [potion of mutation]
 65620 | Crypt:3  | Gained mutation: You are strong-willed. (Will+) [potion of
                  | mutation]
 65635 | Crypt:3  | Identified the ring of Cysuulul {Drain Fly Str+4 SInv}
 66108 | Tomb:1   | Entered Level 1 of the Tomb of the Ancients
 67240 | Tomb:1   | Noticed a royal mummy
 67248 | Tomb:1   | Killed a royal mummy
 67353 | Tomb:1   | Noticed a royal mummy
 67363 | Tomb:1   | Killed a royal mummy
 67364 | Tomb:1   | Reached XP level 25. HP: 173/257 MP: 31/31
 67746 | Depths:1 | Entered Level 1 of the Depths
 68095 | Depths:1 | Found a gateway to Hell.
 69046 | Depths:2 | Reached skill level 27 in Dodging
 69289 | Depths:2 | Found a one-way gateway to a ziggurat.
 69351 | Depths:2 | Found a one-way gate leading to the halls of Pandemonium.
 69551 | Depths:2 | Identified the ring "Ylupretz" {rElec rN++ Will- rCorr
                  | SInv}
 69597 | Depths:2 | Noticed a juggernaut
 69608 | Depths:2 | Killed a juggernaut
 69770 | Depths:2 | Noticed a juggernaut
 69776 | Depths:2 | Killed a juggernaut
 69954 | Depths:3 | Noticed the Enchantress
 69974 | Depths:3 | Killed the Enchantress
 70094 | Depths:3 | Reached skill level 5 in Throwing
 70218 | Depths:3 | Reached skill level 15 in Invocations
 70231 | Depths:3 | Identified the ring of Otawaffe {+Blink rElec Will+ Dex+6}
 70255 | Depths:3 | Noticed Saint Roka
 70292 | Depths:3 | Killed Saint Roka
 70401 | Depths:3 | Identified the +0 chain mail of the Onion {Harm rN+++ MP+9}
 70450 | Depths:3 | Found a one-way gate to the infinite horrors of the Abyss.
 70470 | Depths:3 | Reached XP level 26. HP: 247/266 MP: 33/33
 70508 | Depths:3 | Identified the +4 scale mail of Beubaof {rElec rF+++ MP-9
                  | Stlth+}
 70956 | Depths:3 | You fall into a shaft and drop 1 floor!
 70956 | Depths:4 | Entered Level 4 of the Depths
 70959 | Depths:4 | Reached skill level 10 in Throwing
 71122 | Depths:4 | Noticed Mennas
 71141 | Depths:4 | Killed Mennas
 71967 | Depths:4 | Reached skill level 1 in Maces & Flails
 71988 | Depths:4 | Reached skill level 5 in Maces & Flails
 72211 | Depths:4 | Found a gate to the Realm of Zot.
 72493 | Depths:3 | Voluntarily entered the Abyss.
 72558 | Abyss:2  | Found a corrupted altar of Lugonu.
 72560 | Abyss:2  | Found a corrupted altar of Lugonu.
 72560 | Abyss:2  | Found a corrupted altar of Lugonu.
 72560 | Abyss:2  | Found a corrupted altar of Lugonu.
 72885 | Abyss:3  | Found a corrupted altar of Lugonu.
 72891 | Abyss:3  | Found a corrupted altar of Lugonu.
 72891 | Abyss:3  | Found a corrupted altar of Lugonu.
 72974 | Abyss:3  | Found a corrupted altar of Lugonu.
 73032 | Abyss:3  | Reached skill level 10 in Maces & Flails
 73044 | Abyss:3  | Got an abyssal rune of Zot
 73114 | Depths:3 | Escaped the Abyss
 73136 | Hell     | Entered the Vestibule of Hell
 73136 | Hell     | Noticed Geryon
 73177 | Hell     | Killed Geryon
 73201 | Hell     | Gained mutation: You are clumsy. (Dex -2) [a cacodemon]
 73247 | Hell     | Found a gateway to the ashen valley of Gehenna.
 73358 | Hell     | Found a gateway to the Iron City of Dis.
 73573 | Hell     | Found a gateway to the freezing wastes of Cocytus.
 73583 | Hell     | Reached XP level 27. HP: 273/273 MP: 33/33
 73682 | Hell     | Found a gateway to the decaying netherworld of Tartarus.
 73793 | Dis:1    | Entered Level 1 of the Iron City of Dis
 74247 | Dis:3    | Reached skill level 15 in Maces & Flails
 74575 | Zig:1    | Entered Level 1 of a ziggurat
 74596 | Zig:2    | Entered Level 2 of a ziggurat
 74640 | Zig:3    | Entered Level 3 of a ziggurat
 74668 | Zig:4    | Entered Level 4 of a ziggurat
 74686 | Zig:4    | Identified the staff of conjuration "Muiph" {rF+ rCorr
                  | Int+3}
 74703 | Zig:5    | Entered Level 5 of a ziggurat
 74737 | Zig:6    | Entered Level 6 of a ziggurat
 74741 | Zig:6    | Noticed a dread lich
 74757 | Zig:6    | Killed a dread lich
 74774 | Zig:6    | Identified the +5 rapier of the Protecting Gods {freeze,
                  | *Slow rF+ Dex+4}
 74775 | Zig:6    | Identified the ring "Duasipn" {Wiz Str+3}
 74789 | Zig:7    | Entered Level 7 of a ziggurat
 74924 | Zig:7    | Got the Vellum of Anemomancy and Pestilence
 74926 | Zig:7    | Identified the +3 robe of Okkushri {rPois Dex-4 Slay+2}
 74930 | Zig:8    | Entered Level 8 of a ziggurat
 75053 | Zig:9    | Entered Level 9 of a ziggurat
 75087 | Zig:9    | HP: 12/273 [flayed ghost/flay_damage[a mummy priest] (2)]
 75087 | Zig:9    | Killed by a guardian mummy's death curse

Illustrated notes

Levels and vault maps discovered:
D:1:      lemuel_arrival_room, layout_basic, kennysheep_decorative_pillar,
          minmay_pentomino_p4
D:2:      layout_rooms, basic_altar, minivault_25
D:3:      layout_loops_ring, jmf_multi_god_temple, serial_shops, shop
D:4:      layout_gridville, nicolae_overflow_squiral,
          grunt_temple_overflow_cloverleaf, minmay_temple_entry_tees
D:5:      layout_basic, serial_shops, nicolae_shop_industrial_runoff,
          kennysheep_mini_moat, nicolae_shop_rolling_square,
          nicolae_shop_tiny_statue_garden, minmay_misc_feat_nine_boxes,
          kennysheep_small_circle
D:6:      layout_basic, serial_curves, eino_curves_03, eino_curves_04,
          eino_curves_03, eino_curves_01, kennysheep_minor_cross
D:7:      layout_loops_ring
D:8:      layout_cave_pods, mainiacjoe_overflow_surrounded_room, serial_ice,
          serial_ice_e, serial_ice_d, serial_ice_i, serial_ice_b,
          uniq_gastronok, uniq_prince_ribbit1, uniq_erica
D:9:      layout_roguey [special_room_orc], amcnicky_mini_rare_corridor_liquid,
          serial_bayou_pond_d, uniq_erolcha
D:10:     layout_loops_ring, enter_bailey_4, small_chamber_with_monster,
          minmay_misc_feat_columns, uniq_nergalle
D:11:     layout_basic, dpeg_oklobed_lair
D:12:     layout_irregular_city
D:13:     nicolae_BIG_FREAKIN_CUBE, layout_gridville, uniq_snorg
D:14:     layout_layer_cave, david_vaults_2, chequers_serial_rivers_small_b,
          lightli_airlock
D:15:     hangedman_depths_entry_try_elsewhere_first, layout_loops_ring,
          nzn_hepliaklqana_mist_gate, minivault_5, nicolae_shop_i_like_big_books
Temple:   compressed_dpeg_triangle_lava_temple
Lair:1:   layout_regular_city, eino_small_chamber_without_monster,
          serial_bayou_shore_b, lemuel_fruit_fields, lemuel_fruit_tree
Lair:2:   layout_hall_layers, elwin_shoals_entry_stream, grunt_megastairs_1,
          uniq_amaemon
Lair:3:   layout_regular_city, dummy_snake_entry, gammafunk_ghost_arena,
          chequers_serial_rivers_room_a
Lair:4:   layout_roguey [special_room_mythical_zoo], slime_entry_1
Lair:5:   minmay_lair_end_enchanted_forest, layout_cave_pods, basic_altar,
          serial_bayou_shore_a
Shoals:1: layout_shoals, kb_tengu_band
Shoals:2: layout_shoals, nicolae_shoals_wave_tunnel, uniq_polyphemus,
          uniq_roxanne, uniq_ilsuiw
Shoals:3: layout_shoals, serial_shops, shop, shop, nicolae_shop_stone,
          uniq_donald, uniq_bai_suzhen, uniq_mara
Shoals:4: shoals_end_grunt_ice, layout_shoals, dpeg_stationary_puzzle
Snake:1:  layout_chambers, uniq_jorgrun
Snake:2:  layout_chambers, grunt_megastairs_2
Snake:3:  layout_cave_town, nicolae_snake_double_loop, minmay_shoptagon
Snake:4:  grunt_snake_rune_spirals, layout_concentric_octagons, basic_altar,
          grunt_ministairs_12, serial_bayou_shore_b, uniq_aizul
Slime:1:  layout_caves, special_room [special_room_jelly]
Slime:2:  layout_caves
Slime:3:  layout_caves
Slime:4:  cheibrodos_slime_lost_civilization_10, layout_caves
Slime:5
Orc:1:    layout_caves, serial_shops,
          nicolae_shop_temple_entry_statues_fountains
Orc:2:    grunt_orc_cross, layout_caves, uniq_josephine
Elf:1:    layout_loops_cross, serial_shops, shop, minivault_28, st_stairs_4,
          uniq_azrael
Elf:2:    elven_hall_of_blades_hangedman_alternative
          [nooodl_blade_entry_preview], layout_geoelf_octagon, serial_shops,
          nicolae_stop_n_shop_2, portal_ice_cave_entry_ugly_swarm
Elf:3:    grunt_elf_hall_diamonds, layout_geoelf_octagon, minivault_16,
          hangedman_elven_pyramids
Vaults:1: ontoclasm_vaults_chip, v_misc_27, grunt_vaults_twisty,
          hangedman_vaults_stretched_pinwheel, hangedman_vaults_locks,
          v_rooms_4, nicolae_vaults_wrenched, ontoclasm_vaults_ring_square,
          dpeg_vaults_pockets_of_resistance, grunt_vaults_hallway_long,
          nicolae_vaults_double_plus_1, layout_vaults_ring, uniq_zenata
Vaults:2: nicolae_vaults_apartment_2, nicolae_vaults_turnstiles,
          nicolae_vaults_sesquioval_fish, vaults_mumra_minichess, v_misc_22,
          nicolae_vaults_tangram_2, vaults_mumra_lcd, vaults_dpeg_cross,
          hangedman_vaults_stitches, nicolae_vaults_closet_pinwheel_4,
          nicolae_vaults_big_ls, hangedman_vaults_impose,
          layout_vaults_maze_bifur
Vaults:3: nicolae_vaults_offset_grid_hallway_3, v_misc_17, st_hourglassy,
          v_misc_16, minmay_crypt_entry_necro_gods, v_misc_10, vaults_dpeg_ring,
          nicolae_vaults_border_crossing, v_misc_17,
          nicolae_vaults_little_squares_4, nicolae_vaults_variable_pillar_hall,
          layout_vaults_chaotic_city, uniq_jory
Vaults:4: vaults_room_stairs_pillars, nicolae_vaults_steering_wheel,
          nicolae_vaults_more_shelving_1, v_misc_33,
          nicolae_vaults_tetromino_T_1, nicolae_vaults_shelves_hall,
          nicolae_vaults_meiosis, ontoclasm_vaults_ring_small,
          hangedman_vaults_corner_blocks, v_misc_12, nicolae_vaults_what_the_h,
          layout_vaults_omnigrid, serial_shops, shop
Vaults:5: uniq_margery
Crypt:1:  layout_misc_corridors, lemuel_freeze_loot_1
Crypt:2:  layout_gridlike, grunt_ministairs_8
Crypt:3:  due_elkab, layout_chaotic_city, serial_sigils_hangedman_snap,
          st_small_mortuary, uniq_xtahua
Tomb:1
Depths:1: layout_gridlike, hell_entry, serial_bayou_lagoon_a, st_stairs_5,
          feat_on_display, nicolae_triple_integral
Depths:2: evilmike_diamond_1, layout_cave_shapes, enter_ziggurat_d,
          rand_demon_pan_entry_3, hangedman_coc_ice_floe,
          amcnicky_mini_pool_medium
Depths:3: box_level_dp, hell_entry, pan_entry, abyss_entry, uniq_saint_roka,
          uniq_enchantress
Depths:4: grunt_zot_entry_hairpin, layout_cave_pools, hell_entry,
          infiniplex_staircase_pool_lava, uniq_mennas
Hell
Dis:1:    layout_subdivisions
Dis:2:    layout_gridville
Dis:3:    layout_jigsaw
Zig:9

Skill      XL: |  1  2  3  4  5  6  7  8  9 10 11 12 13 14 15 16 17 18 19 20 21 22 23 24 25 26 27 |
---------------+----------------------------------------------------------------------------------+-----
Axes           | 4 5 6 7 8 10 11 16 18 20 24 27 | 27.0
Fighting       | 3 4 5 6 8 10 12 15 16 17 20 21 25 27 | 27.0
Armour         | 3 10 13 15 18 20 22 27 | 27.0
Dodging        | 4 11 12 15 18 24 25 27 | 27.0
Invocations    | 6 10 12 15 | 15.2
Throwing       | 3 8 13 | 13.0
Maces & Flails | 13 18 | 18.1

Action                     |  1- 3 |  4- 6 |  7- 9 | 10-12 | 13-15 | 16-18 | 19-21 | 22-24 | 25-27 || total
---------------------------+-------+-------+-------+-------+-------+-------+-------+-------+-------++-------
  Melee: War axe           |    96 |   122 |   191 |   208 |       |       |       |       |       ||   617
         Headbutt          |    12 |    20 |    40 |   137 |   329 |   458 |   359 |   468 |   442 ||  2265
         Punch             |     1 |       |     3 |     1 |       |       |       |       |       ||     5
         Battleaxe         |       |       |       |   215 |   815 |  1283 |  1006 |  1268 |  1207 ||  5794
         Scimitar          |       |       |       |       |   159 |       |     6 |       |       ||   165
         Broad axe         |       |       |       |       |       |       |       |   101 |       ||   101
  Throw: Throwing net      |       |     2 |       |     2 |       |       |       |       |       ||     4
         Javelin           |       |       |       |     5 |     5 |    10 |     4 |     9 |    19 ||    52
 Invoke: Divine Shield     |       |       |       |     2 |     1 |     2 |     5 |     2 |     5 ||    17
         Summon Divine War |       |       |       |       |     1 |     3 |     3 |     4 |     1 ||    12
         Cleansing Flame   |       |       |       |       |       |       |       |       |     2 ||     2
  Evoke: Wand              |       |       |       |     3 |     1 |    26 |     7 |     8 |     6 ||    51
    Use: Scroll            |     5 |     6 |     7 |     9 |    15 |    10 |    14 |    14 |     3 ||    83
         Potion            |       |       |     1 |     5 |     6 |     2 |     2 |    14 |     2 ||    32
   Stab: Held in net/web   |       |     1 |       |       |       |       |       |       |       ||     1
 Armour: Leather armour    |    20 |     8 |       |       |       |       |       |       |       ||    28
         Ring mail         |       |     8 |       |       |       |       |       |       |       ||     8
         Scale mail        |       |    20 |     3 |       |       |       |       |       |       ||    23
         Chain mail        |       |       |    99 |   169 |   397 |       |       |       |       ||   665
         Fire dragon scale |       |       |       |       |    72 |   466 |   427 |   198 |       ||  1163
         Plate armour      |       |       |       |       |       |       |       |   103 |   383 ||   486
  Dodge: Dodged            |    53 |    44 |    66 |   258 |   724 |   930 |   761 |  1105 |  1180 ||  5121
  Block: Other             |       |       |       |     7 |     8 |    20 |    54 |    13 |   107 ||   209
         Reflection        |       |       |       |       |       |       |       |       |     3 ||     3
